 Dungeon Crawl Stone Soup version 0.23.1-37-gaa34b87 (webtiles) character file.

Game seed: 3257412740340604891

207 vishdafish the Shield-Bearer (level 5, -5/36 HPs)
             Began as an Octopode Fighter on Mar 22, 2019.
             Slain by Duvessa
             ... wielding a +0 rapier
              (10 damage)
             ... on level 4 of the Dungeon.
             The game lasted 00:09:35 (2640 turns).

vishdafish the Shield-Bearer (Octopode Fighter)     Turns: 2640, Time: 00:09:36

Health: -5/36      AC:  1    Str: 20    XL:     5   Next: 85%
Magic:  5/5        EV: 12    Int: 11    God:
Gold:   213        SH:  0    Dex: 12    Spells: 4/4 levels left

rFire    . . .     SeeInvis +     - Unarmed
rCold    . . .     Gourm    .   a - +0 shield
rNeg     + . .     Faith    .   (helmet restricted)
rPois    .         Spirit   .   (no amulet)
rElec    .         Reflect  .   k - ring of positive energy
rCorr    .         Harm     .   q - ring of see invisible
MR       .....                  (no ring)
Stlth    ++........             (no ring)
HPRegen  0.12/turn              (no ring)
MPRegen  0.09/turn              (no ring)
                                (no ring)
                                (no ring)

@: confused, mighty, hasted, very quick
A: almost no armour, stealthy swim, amphibious, 8 rings, constrict 8, camouflage
1, gelatinous body 1
a: no special abilities


You were on level 4 of the Dungeon.
You were very hungry.

You visited 1 branch of the dungeon, and saw 4 of its levels.

You collected 213 gold pieces.

Inventory:

Missiles
 m - 3 curare-tipped needles
Armour
 a - a +0 shield (worn)
Jewellery
 d - an uncursed ring of fire
 k - a ring of positive energy (left tentacle)
 q - a ring of see invisible (right tentacle)
Scrolls
 e - 3 scrolls of teleportation
 f - a scroll of amnesia {unknown}
 g - a scroll of remove curse
 i - a scroll of enchant weapon {unknown}
 o - 6 scrolls of identify {unknown}
Potions
 b - a potion of might
 h - a potion of ambrosia
 l - 2 potions of curing {unknown}
 n - a potion of degeneration {unknown}
 p - a potion of brilliance {unknown}
Comestibles
 c - 8 rations


   Skills:
 - Level 3.5 Fighting
 - Level 3.5 Dodging
 - Level 1.2 Stealth
 + Level 4.4 Shields
 + Level 3.8 Unarmed Combat


You had 4 spell levels left.
You didn't know any spells.
Your spell library was empty.

Dungeon Overview and Level Annotations

Branches:
Dungeon (4/15)
 Temple: D:4-7

Altars:
Ru

Annotations:
D:4 Duvessa


Innate Abilities, Weirdness & Mutations

You cannot wear most types of armour.
You are very stealthy in the water. (Stealth+)
You are amphibious.
You can wear up to eight rings at the same time.
You can use your tentacles to constrict eight enemies at once.
Your skin changes colour to match your surroundings (Stealth+).
Your rubbery body absorbs attacks. (AC +1, EV +1)


Message History

You kill Dowan!
Duvessa screams in rage.
Duvessa goes berserk!
You feel very mighty all of a sudden. You block Duvessa's attack.
You bludgeon Duvessa! You grab Duvessa.
Duvessa is moderately wounded.
You constrict Duvessa, but do no damage.
Duvessa hits you with a +0 rapier!
* * * LOW HITPOINT WARNING * * *
You block Duvessa's attack.
It was a potion of haste.
You feel yourself speed up.
You constrict Duvessa. Duvessa hits you with a +0 rapier.
* * * LOW HITPOINT WARNING * * *
It was a potion of ambrosia.
You are confused.
You feel invigorated.
You constrict Duvessa, but do no damage.
Duvessa hits you with a +0 rapier!
You die...

#####......##.#
#....#.###.##.# ##
#.............#
###.##.##.#.###.##.#
.............#....#
.###.##.##.#.########
..............#
#.###.##..#.####
#.....e@......#
#.###.##..#.### #.
#..#.# .. ...#.#
.#.##.#### #.## #.# .
#.# ## .#


You could see Duvessa (berserk).

Vanquished Creatures
  Dowan (D:4)
  A worker ant (D:4)
  5 adders
  An ooze (D:4)
  A worm (D:2)
  A dart slug (D:1)
  3 leopard geckos
  5 orcs
  6 bats
  8 giant cockroaches
  7 goblins
  5 hobgoblins
  5 jackals
  5 kobolds
  4 quokkas
  A ball python (D:2)
  7 frilled lizards
  7 rats
73 creatures vanquished.

Notes
Turn   | Place    | Note
-------+----------+-------------------------------------------
     0 | D:1      | vishdafish the Octopode Fighter began the quest for the
                  | Orb.
     0 | D:1      | Reached XP level 1. HP: 16/16 MP: 1/1
    98 | D:1      | Reached XP level 2. HP: 18/21 MP: 2/2
   450 | D:1      | Reached XP level 3. HP: 24/26 MP: 3/3
   862 | D:2      | Reached XP level 4. HP: 27/31 MP: 4/4
   916 | D:2      | Reached skill level 1 in Stealth
  1603 | D:3      | Reached XP level 5. HP: 31/36 MP: 5/5
  1819 | D:3      | Found a sacrificial altar of Ru.
  2158 | D:4      | Reached skill level 4 in Shields
  2624 | D:4      | Noticed Dowan
  2626 | D:4      | Noticed Duvessa
  2636 | D:4      | Killed Dowan
  2640 | D:4      | Slain by Duvessa

Skill      XL: |  1  2  3  4  5 |
---------------+----------------+-----
Stealth        | 1 |  1.2
Unarmed Combat | 3 |  3.8
Shields        | 4 |  4.4
Fighting       | |  3.5
Dodging        | |  3.5

Action                   |  1- 3 |  4- 6 || total
-------------------------+-------+-------++-------
Melee: Unarmed           |    85 |    90 ||   175
       Constrict         |    25 |    23 ||    48
       Tentacles         |    19 |    18 ||    37
       Punch             |       |     1 ||     1
Throw: Throwing net      |       |     1 ||     1
  Use: Scroll            |       |     2 ||     2
       Potion            |       |     3 ||     3
 Stab: Sleeping          |     8 |     7 ||    15
       Held in net/web   |       |     2 ||     2
  Eat: Chunk             |       |     4 ||     4
Armor: Skin              |    15 |     3 ||    18
Dodge: Dodged            |    43 |    29 ||    72
Block: Shield            |    32 |    28 ||    60
